 Dungeon Crawl Stone Soup version 0.18-a0-1071-g9f02aef (console) character file.

696 FIQ the Cudgeler (level 7, -3/67 HPs)
             Began as an Ogre Berserker on Jan 14, 2016.
             Was a Priest of Trog.
             Slain by Natasha (6 damage)
             ... on level 4 of the Dungeon.
             The game lasted 00:04:17 (3047 turns).

FIQ the Cudgeler (Ogre Berserker)                   Turns: 3047, Time: 00:04:18

Health: -3/67      AC:  4    Str: 23    XL:     7   Next: 64%
Magic:  7/7        EV: 11    Int:  6    God:    Trog [***...]
Gold:   234        SH:  0    Dex: 11    Spells: 0 memorised, 6 levels left

rFire  . . .     SeeInvis .     a - +0 mace
rCold  . . .     Gourm    .     b - +0 animal skin
rNeg   . . .     Faith    .     (no shield)
rPois  +         Spirit   .     (helmet restricted)
rElec  .         Dismiss  .     (no cloak)
rCorr  .         Reflect  .     (gloves unavailable)
SustAt .         Harm     .     (boots unavailable)
MR     .....                    (no amulet)
Stlth  +.........               (no ring)
                                (no ring)

@: exhausted, not resistant to hostile enchantments, very unstealthy
A: unfitting armour, slimy green scales 1, blurry vision 1, deformed body, frail
1, poison resistance, tough skin 1
a: Berserk, Trog's Hand, Burn Spellbooks, Renounce Religion


You were on level 4 of the Dungeon.
You worshipped Trog.
Trog was most pleased with you.
You were very hungry.

You visited 1 branch of the dungeon, and saw 4 of its levels.

You collected 234 gold pieces.

Inventory:

Hand Weapons
 a - a +0 mace (weapon)
Missiles
 s - 7 poisoned javelins (quivered)
Armour
 b - a +0 animal skin (worn)
Jewellery
 n - a +4 ring of intelligence {unknown}
 p - an uncursed amulet of harm {unknown}
Wands
 m - a wand of cold (8/15)
Scrolls
 d - 2 scrolls of magic mapping {unknown}
 e - 3 scrolls of remove curse {unknown}
 h - 2 scrolls of identify {unknown}
 i - a scroll of noise {unknown}
 l - a scroll of enchant armour {unknown}
 o - a scroll of recharging {unknown}
Potions
 j - a potion of flight {unknown}
 q - a potion of mutation
Comestibles
 c - 4 bread rations
 f - a slice of pizza
 k - a meat ration
 r - a chunk of flesh


   Skills:
 + Level 6.2 Fighting
 * Level 7.9 Maces & Flails
 + Level 3.1 Throwing
 + Level 4.3 Dodging


You had 6 spell levels left.
You didn't know any spells.

Dungeon Overview and Level Annotations

Branches:
Dungeon (4/15)
 Temple: D:4-7

Altars:
Okawaru
Sif Muna
Yredelemnul
The Shining One

Annotations:
D:4 Natasha


Innate Abilities, Weirdness & Mutations

You are too large for most types of armour.
You have tough skin (AC +1).
You are partially covered in slimy green scales (AC +2).
Scrolls take you a little longer to read.
Armour fits poorly on your strangely shaped body.
You are frail (-10% HP).
Your system is resistant to poisons.


Message History

You closely miss Natasha.
Natasha is moderately wounded.
Natasha mumbles some strange words.
The crimson imp barely misses you. Natasha claws you!
* * * LOW HITPOINT WARNING * * *
Drink which item? (? for menu, Esc to quit)
It was a potion of mutation.
You feel extremely strange.
You feel frail.
You feel resistant to poisons.
Your vision blurs.
You are feeling very hungry.
The crimson imp hits you.
* * * LOW HITPOINT WARNING * * *
Natasha closely misses you.
The crimson imp hits you but does no damage.
Drink which item? (? for menu, Esc to quit)
You feel extremely strange.
Slimy green scales grow over part of your body.
Your body twists and deforms.
You feel yourself speed up. Natasha claws you.
You die...

..... .#... .# .#
##### ## # ....# #
#.#.# # #.#?#.#
######.#.#.#
.......$...#
#####[ #...#
...... #.))#
#####. #.5@#
#####.5h#
.......(#
.#####..########
#..........
#...##########.##
#..(......รท.....#
#.....########.##
.....###.# #####
#.# #.#


You could see Natasha and 2 crimson imps.

Vanquished Creatures
  The ghost of Eptagon the Basher, an amateur OgBe of Trog (D:3)
  Menkaure (D:4)
  Blork the orc (D:4)
  4 orc wizards
  An iguana (D:4)
  Natasha (D:4)
  An adder (D:2)
  2 worms
  3 giant geckos
  14 orcs
  2 ball pythons
  A giant cockroach (D:4)
  7 hobgoblins
  8 jackals
  4 bats
  A giant gecko skeleton (D:4)
  5 giant newts
  14 goblins
  7 kobolds
  7 rats
  2 toadstools (D:1)
87 creatures vanquished.

Vanquished Creatures (others)
  2 toadstools (D:1)
2 creatures vanquished.

Grand Total: 89 creatures vanquished

Notes
Turn   | Place    | Note
--------------------------------------------------------------
     0 | D:1      | FIQ the Ogre Berserker began the quest for the Orb.
     0 | D:1      | Reached XP level 1. HP: 24/24 MP: 1/1
   433 | D:1      | Reached XP level 2. HP: 32/32 MP: 2/2
   759 | D:1      | Reached ** piety under Trog
   827 | D:2      | Reached XP level 3. HP: 36/40 MP: 3/3
   870 | D:2      | Reached skill level 1 in Throwing
  1287 | D:2      | Reached XP level 4. HP: 44/49 MP: 4/4
  1340 | D:2      | Reached skill level 5 in Maces & Flails
  1466 | D:3      | Reached *** piety under Trog
  1760 | D:3      | Noticed Eptagon's ghost (amateur OgBe)
  1772 | D:3      | Killed Eptagon's ghost
  1772 | D:3      | Reached skill level 5 in Fighting
  1772 | D:3      | Reached skill level 6 in Maces & Flails
  1772 | D:3      | Reached XP level 5. HP: 23/57 MP: 5/5
  1772 | D:3      | Reached XP level 6. HP: 26/66 MP: 6/6
  1928 | D:3      | Found a glowing golden altar of the Shining One.
  1964 | D:3      | Found a faded altar to an unknown god.
  2168 | D:3      | Found a basalt altar of Yredelemnul.
  2208 | D:3      | Found a deep blue altar of Sif Muna.
  2261 | D:3      | Found an iron altar of Okawaru.
  2651 | D:4      | Noticed Blork the orc
  2658 | D:4      | Killed Blork the orc
  2658 | D:4      | Reached skill level 7 in Maces & Flails
  2658 | D:4      | Reached XP level 7. HP: 74/74 MP: 7/7
  2810 | D:4      | Noticed Menkaure
  2821 | D:4      | Killed Menkaure
  2975 | D:4      | Noticed Natasha
  2984 | D:4      | Killed Natasha
  3008 | D:4      | Received a gift from Trog
  3034 | D:4      | Noticed Natasha
  3046 | D:4      | Gained mutation: You are frail (-10% HP). [potion of mutation]
  3046 | D:4      | Gained mutation: Your system is resistant to poisons. [potion of mutation]
  3046 | D:4      | Gained mutation: Scrolls take you a little longer to read. [potion of mutation]
  3046 | D:4      | HP: 3/67 [crimson imp[Natasha] (2)]
  3047 | D:4      | Gained mutation: You are partially covered in slimy green scales (AC +2). [potion of mutation]
  3047 | D:4      | Gained mutation: Armour fits poorly on your strangely shaped body. [potion of mutation]
  3047 | D:4      | Slain by Natasha

Vault maps used:
D:1:      ldierk_water_garden
D:2:      kennysheep_the_goblin_king
D:3:      lemuel_coloured_pillars_altar, overflow_temple_1_default,
          kennysheep_okawaru_gauntlet, ecumenical_altar_1, tso_metal_star
D:4:      kennysheep_mini_moat, uniq_menkaure, uniq_blork_the_orc, uniq_natasha

Action                   |  1- 3 |  4- 6 |  7- 9 || total
-------------------------+-------+-------+-------++-------
Melee: Mace              |   110 |    73 |    50 ||   233
Invok: Burn Spellbooks   |     1 |       |       ||     1
       Berserk           |       |     2 |     2 ||     4
  Use: Potion            |       |       |     3 ||     3
  Eat: Chunk             |     1 |     5 |     4 ||    10
